 Dungeon Crawl Stone Soup version 0.25-a0-310-g60f0ac2d9a (webtiles) character file.

Game seed: 7018264027738573715, levelgen mode: classic

2441 Borgoz the Slasher (level 9, -8/84 HPs)
             Began as a Gargoyle Gladiator on Dec 23, 2019.
             Killed from afar by a steam dragon (12 damage)
             ... with a ball of steam
             ... on level 7 of the Dungeon.
             The game lasted 00:08:13 (6825 turns).

Borgoz the Slasher (Gargoyle Gladiator)             Turns: 6825, Time: 00:08:14

Health: -8/84      AC: 11    Str: 22    XL:     9   Next: 49%
Magic:  9/9        EV: 14    Int: 10    God:
Gold:   274        SH:  0    Dex: 14    Spells: 8/8 levels left

rFire    . . .     SeeInvis .   a - +0 long sword
rCold    . . .     Gourm    .   (no shield)
rNeg     + . .     Faith    .   b - +0 leather armour
rPois    ∞         Spirit   .   c - +0 helmet
rElec    +         Reflect  .   (no cloak)
rCorr    .         Harm     .   (no gloves)
MR       .....     Rnd*Tele +   (no boots)
Stlth    ..........             (no amulet)
HPRegen  0.24/turn              q - ring of teleportation (curse)
MPRegen  0.11/turn              (no ring)

@: berserking (expiring), very quick
A: negative energy resistance 1, electricity resistance, unbreathing,
petrification resistance, rot immunity, AC +6
a: no special abilities


You were on level 7 of the Dungeon.
You were not hungry.

You visited 1 branch of the dungeon, and saw 7 of its levels.

You collected 274 gold pieces.

Inventory:

Hand Weapons
 a - a +0 long sword (weapon)
Missiles
 d - 2 throwing nets (quivered)
Armour
 b - a +0 leather armour (worn)
 c - a +0 helmet (worn)
Jewellery
 g - an uncursed ring of see invisible {unknown}
 q - a cursed ring of teleportation (left hand)
Wands
 i - a wand of iceblast (3)
 t - a wand of flame (13)
Scrolls
 e - 3 scrolls of fear
 j - a scroll of enchant weapon {unknown}
 p - 4 scrolls of magic mapping
 r - 2 scrolls of fog {unknown}
 s - 2 scrolls of enchant armour {unknown}
 u - 2 scrolls of amnesia {unknown}
 w - a scroll of identify
 x - 2 scrolls of remove curse
 y - 2 scrolls of teleportation {unknown}
 B - a scroll of random uselessness {unknown}
Potions
 h - 5 potions of heal wounds
 k - 2 potions of might
 l - 3 potions of curing
 m - a potion of brilliance
 n - a potion of agility
 o - a potion of berserk rage
 v - a potion of resistance {unknown}
 z - a potion of haste {unknown}
 A - a potion of cancellation {unknown}
Comestibles
 f - 8 rations
 C - 4 chunks of flesh


   Skills:
 + Level 6.5 Fighting
 * Level 7.7 Long Blades
 - Level 1.7 Throwing
 + Level 6.0 Armour
 + Level 5.2 Dodging


You had 8 spell levels left.
You didn't know any spells.
Your spell library contained the following spells:

 Spells                   Type           Power        Failure   Level  Hunger
 Magic Dart               Conj           #...         41%         1    ##.....
 Blink                    Tloc           N/A          54%         2    ###....
 Call Imp                 Summ           #.......     54%         2    ###....
 Poisonous Vapours        Pois/Air       #.....       54%         2    ###....
 Slow                     Hex            #.......     54%         2    ###....
 Conjure Flame            Conj/Fire      #.......     78%         3    ####...
 Mephitic Cloud           Conj/Pois/Air  #.......     78%         3    ####...
 Freezing Cloud           Conj/Ice/Air   #.........   100%        6    #######
 Ring of Flames           Chrm/Fire      #.........   100%        7    #######


Dungeon Overview and Level Annotations

Branches:
Dungeon (7/15)
 Temple: D:4-7

Altars:
Hepliaklqana
Ru
Sif Muna
Uskayaw
Xom

Shops:
D:6 [


Innate Abilities, Weirdness & Mutations

You are resistant to torment.
Your stone body is resilient. (AC +6)
You are immune to poison.
You resist negative energy. (rN+)
You are resistant to electric shocks. (rElec)
You can survive without breathing.
You are immune to petrification.
You are immune to rotting.


Message History

You slash the steam dragon!
The steam dragon is heavily wounded.
You are engulfed in a cloud of scalding steam.
The steam dragon bites you.
* * * LOW HITPOINT WARNING * * *
The steam dragon claws you but does no damage.
You hit the steam dragon.
The steam dragon is severely wounded.
The steam dragon breathes steam at you. The ball of steam hits you!
* * * LOW HITPOINT WARNING * * *
The steam dragon bites you.
* * * LOW HITPOINT WARNING * * *
The steam dragon claws you but does no damage.
The steam dragon bites you but does no damage.
The steam dragon claws you but does no damage.
The steam dragon breathes steam at you.
The ball of steam hits the steam dragon!
The steam dragon resists.
The ball of steam hits you!
You die...

..
##.≈#..#...#......
....
#..≈#..##..#......
######...>
#P.≈#..##'##......
.........
#P.≈#..#...#......
.........
#≈..#..#...#......
......#
#§§§#..#...#......
......#
##.§§##'##..#......
......#
#P§§§:####..#......
##....#
#.@DD.P##...#......
#....#
#P.....≈P#...#......
#....#
#PP.....≈#...#......
##....#####
##......≈#...#......
..........#
#P.....##...#......
..........#
###.P≈###########..
..........#
#.########..##..#..
........(.#
#....#..#.......#..
##.......[#
#....#..'.......#..


You could see 2 steam dragons.

Vanquished Creatures
  A hippogriff (D:4)
  A hungry ghost (D:7)
  2 ice beasts
  A sky beast (D:5)
  A black bear (D:6)
  4 phantoms
  4 ogres
  A centaur (D:5)
  4 bullfrogs
  A howler monkey (D:6)
  A crimson imp (D:6)
  A jelly (D:6)
  2 hounds
  2 orc priests
  Natasha (thrice) (D:3)
  4 orc wizards
  5 worker ants
  A worker ant zombie (D:6)
  3 gnolls (D:3)
  7 adders
  A shadow imp (D:6)
  An ooze (D:1)
  2 worms (D:3)
  A dart slug (D:3)
  5 leopard geckos
  13 orcs
  7 giant cockroaches
  7 goblins
  7 hobgoblins
  4 jackals
  6 quokkas
  2 ball pythons (D:3)
  A ball python zombie (D:6)
  6 bats
  5 frilled lizards
  7 kobolds
  A leopard gecko skeleton (D:4)
  10 rats
135 creatures vanquished.

Vanquished Creatures (others)
  A fungus (D:7)
1 creature vanquished.

Grand Total: 136 creatures vanquished

Notes
Turn   | Place    | Note
-------+----------+-------------------------------------------
     0 | D:1      | Borgoz the Gargoyle Gladiator began the quest for the Orb.
     0 | D:1      | Reached XP level 1. HP: 12/12 MP: 1/1
     9 | D:1      | Reached XP level 2. HP: 15/18 MP: 2/2
    68 | D:1      | Reached skill level 3 in Long Blades
   386 | D:1      | Reached skill level 1 in Armour
   514 | D:1      | Reached XP level 3. HP: 22/22 MP: 3/3
  1280 | D:3      | Noticed Natasha
  1292 | D:3      | Killed Natasha
  1292 | D:3      | Reached XP level 4. HP: 20/27 MP: 4/4
  1361 | D:3      | Found a sacrificial altar of Ru.
  1488 | D:3      | Noticed Natasha
  1492 | D:3      | Killed Natasha
  1565 | D:3      | Reached XP level 5. HP: 31/32 MP: 5/5
  1736 | D:3      | Noticed Natasha
  1756 | D:3      | Killed Natasha
  1756 | D:3      | Reached skill level 4 in Long Blades
  2290 | D:4      | Reached XP level 6. HP: 34/37 MP: 6/6
  2318 | D:4      | Noticed a hippogriff
  2349 | D:4      | Killed a hippogriff
  2471 | D:4      | Reached skill level 5 in Long Blades
  2471 | D:4      | Reached XP level 7. HP: 36/43 MP: 7/7
  2750 | D:4      | Found a hazy altar of Hepliaklqana.
  2778 | D:4      | You fall into a shaft and drop 2 floors!
  2999 | D:6      | Reached XP level 8. HP: 47/48 MP: 8/8
  3226 | D:6      | Reached skill level 5 in Fighting
  3355 | D:6      | Reached skill level 6 in Long Blades
  3387 | D:5      | Entered Level 5 of the Dungeon
  4184 | D:5      | Found a shimmering altar of Xom.
  4195 | D:5      | Found a shimmering altar of Xom.
  4195 | D:5      | Found a shimmering altar of Xom.
  4195 | D:5      | Found a shimmering altar of Xom.
  4197 | D:5      | Found a shimmering altar of Xom.
  4197 | D:5      | Found a shimmering altar of Xom.
  4198 | D:5      | Found a shimmering altar of Xom.
  4199 | D:5      | Found a shimmering altar of Xom.
  4472 | D:5      | Found a shimmering blue altar of Sif Muna.
  4783 | D:5      | Reached skill level 5 in Armour
  5339 | D:6      | Found Hunidgh Vago's Antique Armour Shop.
  5347 | D:6      | Reached skill level 7 in Long Blades
  5347 | D:6      | Reached XP level 9. HP: 55/55 MP: 9/9
  5391 | D:6      | Found a hide-covered altar of Uskayaw.
  5391 | D:6      | Noticed a +0 dagger
  5391 | D:6      | Noticed a +0 hand axe
  6147 | D:7      | Reached skill level 5 in Dodging
  6824 | D:7      | HP: 4/84 [steam dragon (2)]
  6825 | D:7      | Killed from afar by a steam dragon

Levels and vault maps discovered:
D:1:      minmay_arrival_five_plusses, layout_basic, patterned_corridor
D:2:      layout_loops_cross, serial_bayou_pond_b
D:3:      layout_basic, lemuel_crystal_altar, minmay_fractal_squares_5,
          uniq_natasha
D:4:      layout_rooms, overflow_temple_1_default, item_on_display_a
D:5:      layout_loops_corners, lemuel_round_altar, xom_redecorated,
          serial_glass, glass_columns_b, glass_columns_b, due_unseen_surprise,
          first_ration
D:6:      layout_loops_corners, dancing_weapons_uskayaw,
          serial_co_window_serial, co_window_paths_a, co_window_corner_a,
          co_window_corner_a, co_window_paths_a, co_window_paths_b,
          co_window_corner_a, co_window_of_opportunity_a, co_window_corner_a,
          co_window_paths_a, co_window_corner_b, co_window_paths_c,
          co_window_broadway_c, co_window_unsneaky_path_c, co_window_corner_ca,
          co_window_of_opportunity_c, co_window_paths_d, glass_columns_a,
          glass_columns_c, glass_columns_a, glass_columns_c, serial_shops, shop
D:7:      kennysheep_steamy, layout_gridville, minmay_temple_entry_glassed_door,
          uniq_harold

Skill      XL: |  1  2  3  4  5  6  7  8  9 |
---------------+----------------------------+-----
Long Blades    | 3 4 5 7 |  7.7
Armour         | 1 2 3 4 5 6 |  6.0
Fighting       | 3 4 5 6 |  6.5
Dodging        | 3 4 5 |  5.2
Throwing       | |  1.7

Action                   |  1- 3 |  4- 6 |  7- 9 || total
-------------------------+-------+-------+-------++-------
Melee: Long sword        |    97 |   116 |   371 ||   584
Throw: Throwing net      |       |     2 |       ||     2
  Use: Scroll            |       |       |    10 ||    10
       Potion            |       |       |     1 ||     1
 Stab: Sleeping          |     2 |       |     1 ||     3
       Held in net/web   |       |     1 |       ||     1
  Eat: Chunk             |     1 |     4 |    18 ||    23
       Ration            |       |       |     1 ||     1
Armor: Leather armour    |    36 |    49 |   160 ||   245
Dodge: Dodged            |    72 |    74 |   234 ||   380
       Rpst.: Long sword |    26 |    34 |    67 ||   127

Table legend:
 A = Non-vault XP
 B = Vault XP
 C = Vault XP percentage of total XP
 D = Non-vault monster count
 E = Vault monster count
 F = Vault count percentage of total count
                 A         B        C        D         E       F
            +---------+---------+-------+---------+---------+-------
      Total |    3425 |      63 |   1.8 |     126 |       9 |   6.7
            +---------+---------+-------+---------+---------+-------
        D:1 |      36 |       0 |   0.0 |      20 |       0 |   0.0
        D:2 |      24 |       1 |   4.0 |      15 |       1 |   6.2
        D:3 |     170 |      62 |  26.7 |      25 |       8 |  24.2
        D:4 |     582 |       0 |   0.0 |      14 |       0 |   0.0
        D:5 |     664 |       0 |   0.0 |      15 |       0 |   0.0
        D:6 |    1073 |       0 |   0.0 |      19 |       0 |   0.0
        D:7 |     876 |       0 |   0.0 |      18 |       0 |   0.0
            +---------+---------+-------+---------+---------+-------
